 Dungeon Crawl Stone Soup version 0.31.0-11-ge490571c62 (webtiles) character file.

Game seed: 4724381893232962490

805 qw the Shooter (level 7, -1/34 (35) HPs)
             Began as a Spriggan Hunter on Feb 3, 2024.
             Was an Initiate of Okawaru.
             Slain by a gnoll sergeant
             ... wielding a +4 spear of pain
              (7 damage)
             ... on level 5 of the Dungeon.
             The game lasted 00:00:19 (4199 turns).

qw the Shooter (Spriggan Hunter)                    Turns: 4199, Time: 00:00:19

HP:   -1/34 (35)    AC:  3    Str:  7    XL:     7   Next: 60%
MP:   8/8           EV: 22    Int: 11    God:    Okawaru [......]
Gold: 186           SH:  0    Dex: 20    Spells: 6/6 levels left

rFire   + . .        a - +0 shortbow
rCold   + . .        (shield currently unavailable)
rNeg    . . .        b - +1 animal skin
rPois   .            (helmet restricted)
rElec   .            h - scarf {rC+ rF+}
rCorr   .            (gloves unavailable)
SInv    +            (boots unavailable)
Will    +....        f - amulet of regeneration
Stlth   ++           (no ring)
HPRegen 1.05/turn    (no ring)
MPRegen 0.11/turn

%: no passive effects
@: lightly drained, very quick
A: very small, no large weapons, unfitting armour, see invisible, speed 3
a: Renounce Religion


You were on level 5 of the Dungeon.
You worshipped Okawaru.
Okawaru was noncommittal.
You visited 2 branches of the dungeon, and saw 7 of its levels.

You collected 186 gold pieces.


Innate Abilities, Weirdness & Mutations

You are very small and have problems with some larger weapons.
You are too small for most types of armour.
You have supernaturally acute eyesight. (SInv)
You cover ground extremely quickly. (Speed+++)


   Skills:
 - Level 2.2 Fighting
 + Level 7.8 Ranged Weapons
 - Level 7.1 Dodging
 - Level 1.5 Stealth


You had 6 spell levels left.
You didn't know any spells.
Your spell library was empty.

Inventory:

Hand Weapons
 a - a +0 shortbow (weapon)
Armour
 b - a +1 animal skin (worn)
 h - a scarf of resistance (worn)
Jewellery
 f - an amulet of regeneration (around neck)
Wands
 g - a wand of charming (5)
Potions
 c - a potion of might

Dungeon Overview and Level Annotations

Branches:
Dungeon (6/15)             Temple (1/1) D:4

Altars:
Ashenzari
Cheibriados
Fedhas
Gozag
Hepliaklqana
Kikubaaqudgha
Okawaru
Trog
Wu Jian
Yredelemnul
Zin

Annotations:
D:2 1 runed translucent door, Crazy Yiuf
D:4 3 runed translucent doors, qw's ghost, amateur SpHu
D:5 2 runed translucent doors, qw's ghost, novice SpHu


Message History

The gnoll sergeant hits you with a +4 spear of pain!
You shoot an arrow.
The arrow barely misses the gnoll sergeant.
Your surroundings suddenly seem different.
You start resting.
Something unseen opens the door.
You sense a monster nearby.
You start resting.
A gnoll sergeant is nearby!
You shoot an arrow. The gnoll sergeant shouts!
The arrow hits the gnoll sergeant but does no damage.
The gnoll sergeant completely misses you.
You shoot an arrow.
The arrow hits the gnoll sergeant but does no damage.
The gnoll sergeant misses you.
You shoot an arrow.
The arrow barely misses the gnoll sergeant.
The gnoll sergeant completely misses you.
You shoot an arrow.
The arrow barely misses the gnoll sergeant.
The gnoll sergeant hits you from afar with a +4 spear of pain!
You writhe in agony.
You shoot an arrow.
The arrow barely misses the gnoll sergeant.
The gnoll sergeant closely misses you.
You shoot an arrow. The arrow hits the gnoll sergeant.
The gnoll sergeant is lightly wounded.
The gnoll sergeant hits you from afar with a +4 spear of pain!
You shoot an arrow. The arrow hits the gnoll sergeant.
The gnoll sergeant is moderately wounded.
The gnoll sergeant barely misses you.
You shoot an arrow.
The arrow hits the gnoll sergeant but does no damage.
The gnoll sergeant is moderately wounded.
The gnoll sergeant completely misses you.
You shoot an arrow. The arrow hits the gnoll sergeant.
The gnoll sergeant is heavily wounded.
The gnoll sergeant hits you from afar with a +4 spear of pain!
You die...

##.#.## ##.......## #..#..#..#
......####.........####.....#..#
......<..'.........'...........#
##....####...>.....####...######
#.#.## ##..)g...## ##.## ##.####
##.....## #.# ......# ##...##
#.# ##.##.# ####g### #.# ##.##.#
#.....@# #.# ##.##.# #.##.#.#
#.# ##.##.# #.##.#.# #.# ##.##.#
#.#....#######.# ##.##.#
#..............#
......#####.#....#########
##...............#
#########.....### ####..#


You could see a gnoll sergeant.

Vanquished Creatures
  Sigmund (D:2)
  2 phantoms (D:5)
  2 scorpions
  A bombardier beetle (D:3)
  2 hounds
  3 iguanas
  Ijyb (D:3)
  Robin (D:3)
  A gnoll (D:5)
  6 adders
  A shadow imp (D:5)
  A ribbon worm (D:2)
  3 dart slugs
  3 orcs (D:4)
  6 ball pythons
  4 bats
  7 endoplasms
  4 giant cockroaches
  15 goblins
  13 hobgoblins
  8 kobolds
  9 quokkas
  4 frilled lizards
  8 rats
106 creatures vanquished.

Notes
Turn   | Place    | Note
-------+----------+-------------------------------------------
     0 | D:1      | qw the Spriggan Hunter began the quest for the Orb.
     0 | D:1      | Reached XP level 1. HP: 10/10 MP: 2/2
     0 | D:1      | 0 ||| qw: Version: 0.3-a-158-g18b3111
     0 | D:1      | 0 ||| qw: Game counter: 4098
     0 | D:1      | 0 ||| qw: Melee chars always use a shield: true
     0 | D:1      | 0 ||| qw: God list: Okawaru
     0 | D:1      | 0 ||| qw: Allow faded altars: false
     0 | D:1      | 0 ||| qw: Do Orc after clearing Dungeon:15 true
     0 | D:1      | 0 ||| qw: Do second Lair branch before Depths: true
     0 | D:1      | 0 ||| qw: Lair rune preference: random
     0 | D:1      | 0 ||| qw: Goals: Normal
     0 | D:1      | 0 ||| PLANNING D:1-11
    20 | D:1      | Reached skill level 3 in Dodging
    77 | D:1      | Reached XP level 2. HP: 12/14 MP: 3/3
   290 | D:1      | Reached XP level 3. HP: 18/18 MP: 4/4
   678 | D:1      | 678 ||| READING 2 scrolls labelled YFREDDI MORCH.
   679 | D:1      | 679 ||| READING scroll labelled PAPYC LONIDD.
   684 | D:1      | 684 ||| DRINKING 2 dark potions.
   685 | D:1      | 685 ||| DROPPING scroll of butterflies.
   686 | D:1      | 686 ||| DROPPING scroll of poison.
   958 | D:2      | Reached XP level 4. HP: 22/22 MP: 5/5
   994 | D:2      | Noticed Sigmund
  1008 | D:2      | Killed Sigmund
  1009 | D:2      | Reached skill level 6 in Dodging
  1009 | D:2      | Reached XP level 5. HP: 12/25 MP: 6/6
  1287 | D:2      | Found a runed translucent door.
  1288 | D:2      | Noticed Crazy Yiuf
  1604 | D:2      | 1604 ||| UPGRADING to scarf of resistance.
  1609 | D:2      | 1609 ||| UPGRADING to amulet of regeneration.
  1614 | D:2      | 1614 ||| READING scroll labelled IXOYJU BEULONK.
  1614 | D:2      | 1614 ||| IDENTIFYING black potion
  1615 | D:2      | 1615 ||| READING scroll labelled HEGA BOHORYQEM.
  1716 | D:2      | 1716 ||| READING scroll labelled PEEZIRPH VELUS.
  1717 | D:2      | 1717 ||| DROPPING potion of brilliance.
  1758 | D:3      | Reached XP level 6. HP: 24/30 MP: 7/7
  1812 | D:3      | Noticed Robin
  1826 | D:3      | Killed Robin
  2318 | D:3      | Noticed Ijyb
  2319 | D:3      | 2319 ||| DRINKING glowing ruby potion.
  2320 | D:3      | 2320 ||| DRINKING fuming white potion.
  2329 | D:3      | 2329 ||| DRINKING fizzy cyan potion.
  2330 | D:3      | 2330 ||| DRINKING coppery potion.
  2331 | D:3      | 2331 ||| DRINKING green potion.
  2364 | D:3      | Killed Ijyb
  2628 | D:3      | 2628 ||| UPGRADING to +1 animal skin.
  2638 | D:3      | 2638 ||| DROPPING +0 robe.
  2639 | D:3      | 2639 ||| READING scroll of identify.
  2639 | D:3      | 2639 ||| IDENTIFYING scroll labelled IDEAMYFFE TOMO
  2640 | D:3      | 2640 ||| READING scroll labelled FOIF QUEFFUO.
  2641 | D:3      | 2641 ||| DROPPING scroll of silence.
  2685 | D:4      | Found a runed translucent gate.
  2685 | D:4      | Found a runed translucent gate.
  2685 | D:4      | Noticed qw's ghost (amateur SpHu)
  2686 | D:4      | Found a runed translucent gate.
  2783 | D:4      | Reached skill level 6 in Ranged Weapons
  2855 | D:4      | Found a staircase to the Ecumenical Temple.
  2856 | D:4      | 2856 ||| PLANNING TEMPLE
  2856 | D:4      | 2856 ||| READING scroll labelled ULEUFYIZALA.
  2865 | Temple   | Entered the Ecumenical Temple
  2866 | Temple   | 2866 ||| PLANNING D:1-11
  3239 | D:5      | Entered Level 5 of the Dungeon
  3253 | D:5      | Reached XP level 7. HP: 35/35 MP: 8/8
  3675 | D:5      | Found an iron altar of Okawaru.
  3676 | D:5      | 3676 ||| PLANNING OKAWARU WORSHIP
  3680 | D:5      | Became a worshipper of Warmaster Okawaru
  3681 | D:5      | 3681 ||| PLANNING D:1-11
  3860 | D:5      | Found a large runed translucent door.
  3860 | D:5      | Found a large runed translucent door.
  3890 | D:5      | Noticed qw's ghost (novice SpHu)
  4108 | D:5      | 4108 ||| READING scroll of identify.
  4108 | D:5      | 4108 ||| IDENTIFYING inky potion
  4109 | D:5      | 4109 ||| READING scroll labelled MEUVVI UREC.
  4138 | D:6      | 4138 ||| STAIRDANCE
  4148 | D:6      | 4148 ||| STAIRDANCE
  4160 | D:6      | 4160 ||| STAIRDANCE
  4176 | D:6      | 4176 ||| STAIRDANCE
  4180 | D:5      | HP: 3/34 [gnoll sergeant/+4 spear of pain (8)]
  4181 | D:5      | 4181 ||| READING scroll of teleportation.
  4182 | D:5      | 4182 ||| DRINKING potion of heal wounds.
  4196 | D:5      | HP: 3/34 [gnoll sergeant/+4 spear of pain (16)]
  4199 | D:5      | Slain by a gnoll sergeant

Levels and vault maps discovered:
D:1:      saegor_arrival_simple_d, layout_loops_ring, nrook_mini_vaults
D:2:      layout_basic, uniq_crazy_yiuf_cottage, uniq_sigmund
D:3:      layout_loops_corners, minmay_door_square, serial_bayou_lake_a,
          uniq_ijyb, uniq_robin
D:4:      layout_cave_pools, minmay_temple_entry_mist, gammafunk_ghost_split,
          serial_bayou_lagoon_b
D:5:      layout_loops_corners, marbit_many_paths, ebering_ghost_disaster_area
D:6:      layout_rooms, led_xom_imps, kennysheep_mini, uniq_duvessa
Temple:   chequers_temple_sunken

Skill      XL: |  1  2  3  4  5  6  7 |
---------------+----------------------+-----
Dodging        | 3 4 6 7 |  7.1
Ranged Weapons | 5 6 7 |  7.8
Fighting       | 2 |  2.2
Stealth        | |  1.5

Action                     |  1- 3 |  4- 6 |  7- 9 || total
---------------------------+-------+-------+-------++-------
   Fire: Shortbow          |    94 |   216 |    82 ||   392
    Use: Scroll            |     2 |     6 |     3 ||    11
         Potion            |     1 |     5 |     1 ||     7
 Armour: Robe              |     7 |    21 |       ||    28
         Animal skin       |       |     1 |    23 ||    24
  Dodge: Dodged            |    22 |    76 |    39 ||   137

Table legend:
 A = Non-vault XP
 B = Vault XP
 C = Vault XP percentage of total XP
 D = Non-vault monster count
 E = Vault monster count
 F = Vault count percentage of total count
                 A         B        C        D         E       F
            +---------+---------+-------+---------+---------+-------
      Total |     849 |     301 |  26.2 |      90 |      16 |  15.1
            +---------+---------+-------+---------+---------+-------
        D:1 |      56 |       0 |   0.0 |      28 |       0 |   0.0
        D:2 |      69 |     223 |  76.4 |      21 |       1 |   4.5
        D:3 |     120 |      74 |  38.1 |      18 |      14 |  43.8
        D:4 |     164 |       0 |   0.0 |      14 |       0 |   0.0
        D:5 |     440 |       4 |   0.9 |       9 |       1 |  10.0
            +---------+---------+-------+---------+---------+-------
